Map: King Sejong Station LE

Players

MaNa

  • Race: Protoss Protoss

Welmu - Winner!

  • Race: Protoss Protoss

Event: 2016 WCS Summer Circuit Championship (DH Montreal)

VOD

Have the link to the VOD?

Description

Time

  • Played on: Aug. 13, 2016, 1:14 p.m.
  • Length: 9:35

All games in this series

Show
View Real Time Build Order
Export as new Build Order

MaNa Protoss 

Build Orders: Oracle Opening, Zealot Archon 

Get SALT Encoding   

  12  0:00  Probe (Chrono Boost)  
  13  0:11  Probe (Chrono Boost)  
  14  0:17  Pylon  
  14  0:22  Probe (Chrono Boost)  
  15  0:36  Probe (Chrono Boost)  
  15  0:39  Gateway  
  16  0:46  Probe (Chrono Boost), Assimilator  
  18  0:57  Probe (Chrono Boost)  
  18  0:58  Assimilator  
  18  1:04  Gateway  
  18  1:08  Probe (Chrono Boost)  
  20  1:18  Probe (Chrono Boost)  
  20  1:26  Cybernetics Core  
  20  1:29  Probe (Chrono Boost)  
  20  1:31  Pylon  
  21  1:39  Probe (Chrono Boost)  
  22  1:50  Probe (Chrono Boost)  
  23  1:58  Warp Gate  
  23  2:03  Mothership Core (Chrono Boost)  
  23  2:07  Stalker  
  27  2:11  Stalker  
  29  2:29  Nexus  
  29  2:42  Pylon  
  29  2:51  Stargate  
  29  2:56  Probe (Chrono Boost)  
  30  3:00  Pylon  
  30  3:02  Stalker  
  30  3:04  Stalker  
  34  3:17  Pylon  
  34  3:21  Probe (Chrono Boost)  
  34  3:31  Oracle  
  34  3:33  Probe (Chrono Boost)  
  35  3:38  Pylon  
  38  3:51  Probe (Chrono Boost)  
  39  3:59  Robotics Facility  
  39  4:05  Stalker x2  
  44  4:10  Probe (Chrono Boost)  
  44  4:12  Probe (Chrono Boost)  
  45  4:20  Probe (Chrono Boost)  
  45  4:23  Probe (Chrono Boost)  
  47  4:29  Sentry  
  47  4:31  Probe (Chrono Boost)  
  50  4:32  Assimilator  
  50  4:33  Probe (Chrono Boost)  
  50  4:38  Pylon  
  51  4:41  Probe (Chrono Boost)  
  52  4:46  Probe (Chrono Boost)  
  52  4:52  Probe (Chrono Boost), Warp Prism  
  54  4:57  Probe (Chrono Boost)  
  57  5:02  Probe (Chrono Boost)  
  57  5:04  Twilight Council  
  58  5:08  Probe (Chrono Boost)  
  58  5:13  Probe (Chrono Boost)  
  60  5:20  Probe (Chrono Boost), Forge  
  61  5:23  Probe (Chrono Boost)  
  61  5:28  Adept x2  
  66  5:29  Resonating Glaives  
  66  5:35  Immortal  
  67  5:38  Pylon  
  70  5:49  Protoss Ground Weapons Level 1  
  70  5:50  Pylon  
  71  5:58  Probe (Chrono Boost)  
  71  6:12  Gateway x2  
  71  6:14  Sentry x2  
  71  6:15  Gateway  
  71  6:18  Immortal  
  79  6:23  Assimilator  
  79  6:42  Templar Archives  
  79  6:44  Nexus  
  79  6:46  Probe x2 (Chrono Boost)  
  81  6:52  Pylon  
  81  6:56  Pylon  
  81  6:58  Probe x2 (Chrono Boost)  
  83  7:08  Immortal  
  83  7:12  Pylon  
  87  7:21  Adept x3, High Templar x2  
  97  7:27  Pylon  
  97  7:36  Archon  
  97  7:49  Adept x3  
  96  7:53  Immortal  
  96  7:57  Adept x2  
  77  8:11  Adept x3  
  67  8:20  Adept x2  
  65  8:30  Immortal  
  65  8:32  Adept x3  
  59  8:42  Adept x2  
  52  8:56  High Templar  
  52  8:57  Adept, High Templar  
  52  9:01  Archon  
  52  9:02  Adept  
  54  9:09  Adept  
  46  9:18  Adept  
Show
View Real Time Build Order
Export as new Build Order

Welmu Protoss - Winner!

Build Orders: Zealot Archon 

Get SALT Encoding   

  12  0:00  Probe (Chrono Boost)  
  13  0:11  Probe (Chrono Boost)  
  14  0:17  Pylon  
  14  0:22  Probe (Chrono Boost)  
  16  0:36  Probe (Chrono Boost), Gateway  
  16  0:42  Assimilator  
  16  0:46  Probe (Chrono Boost)  
  17  0:50  Assimilator  
  17  0:57  Probe (Chrono Boost)  
  18  1:07  Probe (Chrono Boost)  
  18  1:08  Gateway  
  19  1:18  Probe (Chrono Boost)  
  20  1:24  Cybernetics Core  
  20  1:28  Probe (Chrono Boost)  
  20  1:31  Pylon  
  21  1:39  Probe (Chrono Boost)  
  22  1:49  Probe (Chrono Boost)  
  22  1:51  Warp Gate  
  23  2:01  Adept x2  
  27  2:05  Mothership Core (Chrono Boost)  
  29  2:10  Pylon  
  29  2:28  Stalker x2  
  33  2:49  Nexus  
  33  2:54  Probe (Chrono Boost)  
  34  3:05  Probe (Chrono Boost), Sentry  
  37  3:15  Probe (Chrono Boost), Robotics Facility  
  38  3:26  Probe (Chrono Boost)  
  39  3:27  Pylon  
  39  3:45  Probe (Chrono Boost)  
  38  3:54  Sentry, Stalker  
  43  3:55  Probe (Chrono Boost)  
  41  4:03  Probe (Chrono Boost)  
  41  4:06  Probe (Chrono Boost)  
  43  4:14  Probe (Chrono Boost)  
  43  4:16  Probe (Chrono Boost)  
  43  4:17  Stalker x2  
  47  4:18  Observer  
  50  4:24  Probe (Chrono Boost)  
  50  4:25  Twilight Council  
  50  4:27  Probe (Chrono Boost)  
  52  4:32  Pylon  
  52  4:35  Probe (Chrono Boost)  
  52  4:38  Probe (Chrono Boost)  
  54  4:45  Probe (Chrono Boost)  
  54  4:46  Stalker  
  54  4:48  Probe (Chrono Boost)  
  57  4:56  Probe (Chrono Boost), Assimilator  
  57  4:58  Resonating Glaives  
  57  4:59  Probe (Chrono Boost)  
  59  5:01  Assimilator  
  59  5:05  Forge  
  59  5:06  Probe (Chrono Boost)  
  60  5:09  Probe (Chrono Boost)  
  60  5:13  Immortal  
  61  5:17  Probe (Chrono Boost), Pylon  
  66  5:25  Probe (Chrono Boost)  
  66  5:27  Protoss Ground Weapons Level 1  
  67  5:31  Probe (Chrono Boost)  
  67  5:35  Gateway  
  68  5:36  Gateway  
  68  5:39  Gateway  
  68  5:45  Gateway  
  68  5:48  Gateway  
  68  5:58  Immortal  
  68  5:59  Probe (Chrono Boost)  
  68  6:02  Probe (Chrono Boost)  
  71  6:09  Templar Archives  
  72  6:11  Probe (Chrono Boost)  
  72  6:27  Pylon  
  72  6:32  Nexus  
  71  6:33  Warp Prism  
  73  6:41  Adept x2  
  73  6:45  Pylon  
  77  6:53  High Templar x2  
  81  6:55  High Templar x2  
  81  6:58  Archon, Pylon  
  84  7:05  Archon  
  84  7:06  Adept x3  
  91  7:09  Probe x2 (Chrono Boost)  
  91  7:21  Probe (Chrono Boost)  
  92  7:26  Adept  
  94  7:33  Adept x3  
  94  7:34  Adept x2  
  102  7:40  Pylon  
  102  7:42  Pylon  
  102  7:43  Pylon  
  92  7:54  Adept x3  
  92  7:55  Adept  
  79  8:10  Adept x3  
  77  8:15  Adept x2  
  77  8:19  Adept  
  73  8:25  Adept  
  73  8:31  Adept x3  
  69  8:45  Adept x3  
  69  8:46  Adept  
  71  8:52  Adept x2  
  69  9:07  Adept x3  
  69  9:08  Adept x2  
  79  9:12  Adept  
  75  9:19  Adept  
Tags
 
Add a new tag
Caveats
  • Supply blocks, unpowered buildings, or Contaminate may cause inaccurate times.
  • Supply counts are checked every 10 seconds.